 Dungeon Crawl Stone Soup version 0.27-a0-385-g3208abaabc (webtiles) character file.

Game seed: 3880725048332441

65 ReteAZ the Skirmisher (level 3, 0/29 HPs)
             Began as a Demonspawn Fighter on Feb 18, 2021.
             Slain by a gnoll
             ... wielding a +0 trident
              (7 damage)
             ... on level 3 of the Dungeon.
             The game lasted 00:01:54 (2726 turns).

ReteAZ the Skirmisher (Demonspawn Fighter)          Turns: 2726, Time: 00:01:55

Health: 0/29       AC:  7    Str: 16    XL:     3   Next: 94%
Magic:  2/3        EV:  6    Int: 10    God:
Gold:   107        SH:  8    Dex: 12    Spells: 2/2 levels left

rFire    . . .     SeeInvis .   a - +0 rapier
rCold    . . .     Faith    .   c - +0 kite shield
rNeg     . . .     Spirit   .   b - +0 scale mail
rPois    .         Reflect  .   (no helmet)
rElec    .         Harm     .   (no cloak)
rCorr    .         Rampage  .   (no gloves)
Will     .....                  p - +0 pair of boots
Stlth    ..........             (no amulet)
HPRegen  0.09/turn              (no ring)
MPRegen  0.08/turn              (no ring)

@: no status effects
A: powered by pain 2
a: no special abilities


You were on level 3 of the Dungeon.
You visited 1 branch of the dungeon, and saw 3 of its levels.

You collected 107 gold pieces.

Inventory:

Hand Weapons
 a - a +0 rapier (weapon)
Missiles
 e - 9 poisoned darts (quivered)
Armour
 b - a +0 scale mail (worn)
 c - a +0 kite shield (worn)
 p - a +0 pair of boots (worn)
Scrolls
 g - 3 scrolls of amnesia {unknown}
 i - 5 scrolls of identify {unknown}
 j - a scroll of random uselessness {unknown}
 l - a scroll of enchant armour {unknown}
Potions
 d - a potion of might
 f - a potion of attraction {unknown}
 h - a potion of curing {unknown}
 k - a potion of lignification {unknown}
 m - a potion of invisibility {unknown}
 n - 2 potions of heal wounds {unknown}
 o - 2 potions of brilliance {unknown}


   Skills:
 + Level 3.4 Fighting
 * Level 2.8 Short Blades
 + Level 3.1 Armour
 + Level 3.1 Shields


You had 2 spell levels left.
You didn't know any spells.
Your spell library was empty.

Dungeon Overview and Level Annotations

Branches:
Dungeon (3/15)

Altars:
Ashenzari
Trog


Innate Abilities, Weirdness & Mutations

You sometimes gain power by taking damage.


Message History

An eye of draining and a gnoll come into view.
The eye of draining turns its gaze towards you.
The eye of draining gazes at you.
You feel your power leaking away.
An eye of draining comes into view.
Found a bloodstained altar of Trog.
The eye of draining turns its gaze towards you.
You closely miss the goblin. The goblin barely misses you.
You miss the goblin.
The gnoll hits you from afar with a +0 trident.
You block the goblin's attack.
You barely miss the goblin. The gnoll hits you but does no damage.
The goblin barely misses you.
You puncture the goblin!
You kill the goblin!
The gnoll hits you but does no damage.
The gnoll hits you from afar with a +0 trident.
The gnoll hits you with a +0 trident.
Things that are here:
a +1 antimagic dagger; a goblin corpse Your shield prevents you from hitting the gnoll.
The gnoll barely misses you.
You barely miss the gnoll. The gnoll hits you but does no damage.
You hit the gnoll but do no damage. The gnoll hits you but does no damage.
You barely miss the gnoll. You block the gnoll's attack.
You completely miss the gnoll.
The gnoll hits you with a +0 trident! x2
* * * LOW HITPOINT WARNING * * *
You hit the gnoll.
The gnoll is moderately wounded.
You block the gnoll's attack.
You hit the gnoll.
The gnoll is severely wounded.
The gnoll barely misses you.
You hit the gnoll but do no damage.
The gnoll is severely wounded.
You block the gnoll's attack.
Your shield and scale mail prevent you from hitting the gnoll.
The gnoll is severely wounded.
The gnoll hits you but does no damage. The gnoll hits you with a +0 trident!
You die...

#...................
..####.###......#######
.........+..........##...##
..####.###.....######.._..##
........#......'.# #....G..#
######..#...(..#.# #.......#
#..#......#.# #G8...8.#
#..#......#.# #.....#
#..#......#@#.###...######
#..#......#g#.....g.......
#..#......#.######.#.####.
#..#......#...g....# #
#..#.###.###########
######..#. #. ........#
##### #######.# .... #.#
#..#


You could see a gnoll.

Vanquished Creatures
  2 adders (D:2)
  2 worms (D:2)
  4 bats
  4 giant cockroaches
  5 goblins
  3 hobgoblins
  7 jackals
  A quokka (D:2)
  2 frilled lizards (D:1)
  5 kobolds
  3 rats
38 creatures vanquished.

Vanquished Creatures (others)
  7 plants (D:2)
7 creatures vanquished.

Grand Total: 45 creatures vanquished

Notes
Turn   | Place    | Note
-------+----------+-------------------------------------------
     0 | D:1      | ReteAZ the Demonspawn Fighter began the quest for the Orb.
     0 | D:1      | Reached XP level 1. HP: 18/18 MP: 1/1
   397 | D:1      | Gained mutation: You sometimes gain a little power by
                  | taking damage. [demonic ancestry]
   397 | D:1      | Reached XP level 2. HP: 21/24 MP: 2/2
  1457 | D:2      | Found a broken altar of Ashenzari.
  1498 | D:2      | Gained mutation: You sometimes gain power by taking damage.
                  | [demonic ancestry]
  1498 | D:2      | Reached XP level 3. HP: 8/29 MP: 3/3
  2700 | D:3      | Found a bloodstained altar of Trog.
  2700 | D:3      | Noticed an eye of draining
  2700 | D:3      | Noticed an eye of draining
  2726 | D:3      | Slain by a gnoll

Illustrated notes

Levels and vault maps discovered:
D:1:      nzn_arrival_crosshair, layout_basic
D:2:      cheibrodos_old_hovel, layout_basic, evilmike_ruin_ashenzari
D:3:      layout_basic, trog_eyes_of_draining

Skill      XL: |  1  2  3 |
---------------+----------+-----
Short Blades   | 2 |  2.8
Armour         | 3 |  3.1
Shields        | 3 |  3.1
Fighting       | |  3.4

Action                   || total
-------------------------++-------
Melee: Rapier            ||   158
Armor: Scale mail        ||    72
Dodge: Dodged            ||    37
Block: Kite shield       ||    80

Table legend: (Time is in decaauts)
 A = Elapsed time spent in this place.
 B = Non-inter-level travel time spent in this place.
 C = Inter-level travel time spent in this place.
 D = Time resting spent in this place.
 E = Time spent auto-exploring this place.
 F = Levels seen in this place.
 G = Mean time per level.
                   A        B        C        D        E       F      G
               +--------+--------+--------+--------+--------+-----+--------+
         Total |   2775 |   2668 |    107 |    198 |   2086 |   3 |  925.0 |
       Dungeon |   2775 |   2668 |    107 |    198 |   2086 |   3 |  925.0 |
               +--------+--------+--------+--------+--------+-----+--------+

Top non-repeatable levels by time:
     D:2: 1702 daAuts
     D:1: 948 daAuts
     D:3: 123 daAuts
